 Dungeon Crawl Stone Soup version 0.14-a0-759-g26e2352 (webtiles) character file.

373185 MackTheKnife the Slayer (level 23, -27/199 HPs)
             Began as a Human Fighter on Nov 8, 2013.
             Was a Follower of Fedhas.
             Hit by a large rock thrown by a stone giant (43 damage)
             ... on Level 5 of the Vaults on Nov 9, 2013.
             The game lasted 03:11:05 (71568 turns).

MackTheKnife the Slayer (Human Fighter)            Turns: 71568, Time: 03:11:05

HP -27/199       AC 26     Str 25      XL: 23   Next: 73%
MP  31/36        EV 29     Int 13      God: Fedhas [*.....]
Gold 1724        SH 29     Dex 19      Spells:  2 memorised, 16 levels left

Res.Fire  : . . .   See Invis. : +   a - +7 war axe "Luaje" {speed, rElec rN+ MR++}
Res.Cold  : + . .   Warding    : .   y - +6 mottled dragon armour
Life Prot.: + . .   Conserve   : .   D - +2 dwarf shield {reflect}
Res.Poison: .       Res.Corr.  : .   f - +2 horned helmet {Int+3}
Res.Elec. : +       Clarity    : +   X - +0 cloak of Starlight {rElec rC+ EV+4 Stlth-}
Sust.Abil.: . .     Spirit.Shd : .   L - +1 pair of gloves {Str+3}
Res.Mut.  : .       Stasis     : .   r - +1 pair of boots {run}
Res.Rott. : .       Flight     : .   N - amulet of clarity
Saprovore : . . .                    T - ring "Xytablu" {+Rage MR Str+3 Dex+2}
                                     Y - ring of see invisible

@: very slightly contaminated, quick, extraordinarily resistant to hostile
enchantments, very unstealthy
A: Dex -2
a: Evolution, Renounce Religion, Evoke Berserk Rage
}: 2/15 runes: decaying, gossamer


You were on level 5 of the Vaults.
You worshipped Fedhas.
Fedhas was aware of your devotion.
You were hungry.

You visited 7 branches of the dungeon, and saw 55 of its levels.
You visited 1 bazaar.
You also visited: Bailey.

You collected 5864 gold pieces.
You spent 4140 gold pieces at shops.


Innate Abilities, Weirdness & Mutations

You are clumsy. (Dex -2)


   Skills:
 - Level 21.0 Fighting
 - Level 15.0 Axes
 - Level 8.2 Maces & Flails
 - Level 13.4 Armour
 + Level 16.5 Dodging
 - Level 10.0 Shields
 - Level 8.2 Hexes
 - Level 8.3 Charms
 - Level 4.1 Necromancy
 - Level 9.1 Invocations
 + Level 13.3 Evocations


You had 16 spell levels left.
You knew the following spells:

 Your Spells              Type           Power        Failure   Level  Hunger
a - Spectral Weapon       Hex/Chrm       ###.....     6%          3    ####...
b - Regeneration          Chrm/Necr      ###.......   12%         3    ####...

Inventory:

Hand weapons
 a - the +7,+7 war axe "Luaje" (weapon) {speed, rElec rN+ MR++}
   (You found it on level 4 of the Dungeon)

   Attacks with this weapon take half as long, but cause slightly less damage.
   It insulates you from electricity.
   It protects you from negative energy.
   It affects your resistance to hostile enchantments.
Armour
 f - a +2 horned helmet of intelligence (worn)
 r - a +1 pair of boots of running (worn)
 y - a +6 mottled dragon armour (worn)
 D - a +2 dwarven shield of reflection (worn)
 L - a +1 pair of gloves of strength (worn)
 O - a +2 helmet of intelligence
 X - the +0 cloak of Starlight (worn) {rElec rC+ EV+4 Stlth-}
   (You found it on level 1 of the Lair of Beasts)

   It affects your evasion (+4).
   It protects you from cold.
   It insulates you from electricity.
   It makes you much less stealthy.
Magical devices
 d - a wand of disintegration (5)
 i - a wand of teleportation (5)
 x - a wand of teleportation (3)
 Q - a wand of digging (19)
 Z - a wand of teleportation (6)
Comestibles
 j - 2 meat rations
 l - 6 strawberries
 n - 5 honeycombs
 o - a royal jelly
 V - a snozzcumber
Scrolls
 h - a scroll of fog
 m - 4 scrolls of teleportation
 q - 5 scrolls of remove curse
 w - a scroll of recharging
 J - a scroll of enchant weapon I
 U - a scroll of magic mapping
 W - a scroll of enchant weapon III
Jewellery
 v - a +4 ring of evasion {unknown}
 F - an uncursed ring of flight
 G - an uncursed ring of poison resistance
 I - an uncursed ring of protection from fire
 N - an amulet of clarity (around neck)
 R - a +2 ring of dexterity {unknown}
 T - the ring "Xytablu" (right hand) {+Rage MR Str+3 Dex+2}
   (You took it off a mermaid on level 17 of the Dungeon)

   [ring of protection from magic]

   It affects your strength (+3).
   It affects your dexterity (+2).
   It lets you go berserk.
 Y - a ring of see invisible (left hand)
Potions
 e - 4 potions of magic
 p - 4 potions of curing
 C - a potion of restore abilities
 E - a potion of agility
 H - 3 potions of brilliance
Miscellaneous
 k - a box of beasts
 s - a phial of floods (inert)
 t - a phial of floods (inert)
 u - a phial of floods (inert)
 A - a lamp of fire (inert)
 B - a lamp of fire (inert)
 M - a sack of spiders
Rods
 b - a +5 rod of inaccuracy (17/17) {!a}
   (You found it on level 5 of the Lair of Beasts)

▒▒▒▒▒▒▒▒▒▒▒▒▒▒▒▒▒▒▒▒▒▒▒▒▒▒▒▒▒▒▒▒▒
··········@····Q@≈@E≈###·····C···
·················##CHE##·········
▒▒▒▒▒▒▒▒▒▒▒▒▒▒▒▒▒▒▒E###▒▒▒▒▒▒▒▒▒▒
◦◦◦◦◦◦◦◦◦◦◦◦░░ ▒#*##▒░◦░░░◦░░░
◦◦◦◦◦◦◦◦◦◦◦◦◦░░ ▒#···▒◦◦◦░◦◦◦░◦
░░░░░◦░░░░░◦◦◦░░ ▒····▒░◦░◦░◦░◦░
░◦◦◦◦◦◦◦◦◦░░◦◦◦░ ▒····▒░░◦◦◦░◦◦◦
◦◦◦◦◦◦◦◦◦◦◦░░◦◦░░ ▒····▒░◦░◦░◦░◦░
◦◦░░░◦░░░◦◦◦░◦◦◦░░▒····▒◦◦◦░◦◦◦░◦


You could see a tengu reaver, a stone giant, 2 vault guards, 3 friendly water
elementals and a friendly chimera (grizzly bear, water moccasin, sky beast).


Message History

The bolt of lightning hits your water elemental.
Your water elemental is destroyed!
The battlesphere fires!
Your water elemental is engulfed in roaring flames.
Your water elemental hits the tengu reaver.
You block the vault guard's attack.
Unknown command.
Your skin stops crawling.
The stone giant throws a large rock.
The large rock crashes through you!
* * * LOW HITPOINT WARNING * * *
The tengu reaver points at your water elemental and mumbles some strange words.
The bolt of lightning hits your water elemental.
The battlesphere fires!
The barrage of energy hits your water elemental.
Your water elemental is destroyed!
The battlesphere is engulfed in roaring flames.
Your water elemental hits the tengu reaver.
Things that are here:
a large rock; a scale mail; a rotting human corpse Unknown command.
Evoke which item? (* to show all) (? for menu, Esc to quit)
You open the lid... ...and something leaps out!
Your chimera's grizzly bear head growls angrily.
Your chimera's water moccasin head hisses angrily.
Your water elemental is engulfed in roaring flames.
Your water elemental hits the tengu reaver!
Your water elemental hits the stone giant!
The stone giant throws a large rock.
The large rock crashes through you!
You die...
Fedhas appreciates your contribution to the ecosystem.

Action                   |  1- 3 |  4- 6 |  7- 9 | 10-12 | 13-15 | 16-18 | 19-21 | 22-24 || total
-------------------------+-------+-------+-------+-------+-------+-------+-------+-------++-------
Melee: Mace              |   144 |    90 |       |       |       |       |       |       ||   234
       Flail             |       |    95 |    50 |       |       |       |    10 |       ||   155
       War axe           |       |       |   287 |  1004 |  2196 |  2766 |  3325 |  1641 || 11219
       Unarmed           |       |       |       |       |       |       |       |     2 ||     2
 Cast: Spectral Weapon   |       |       |       |       |       |       |     9 |    34 ||    43
       Regeneration      |       |       |       |       |       |       |     2 |     4 ||     6
Invok: Heroism           |       |       |       |     6 |    21 |    23 |    17 |     7 ||    74
       Finesse           |       |       |       |       |       |     7 |     3 |     2 ||    12
 Abil: Evoke Flight      |       |       |       |     1 |       |       |       |     6 ||     7
Evoke: Wand              |       |       |     3 |    18 |    14 |    17 |     2 |     4 ||    58
       Miscellaneous     |       |       |       |     1 |     1 |     4 |     5 |    20 ||    31
       Rod               |       |       |       |       |    32 |     4 |    32 |     5 ||    73
  Use: Scroll            |     1 |    10 |    10 |    15 |    19 |    21 |    10 |    11 ||    97
       Potion            |       |       |     3 |     6 |     7 |    14 |     4 |    11 ||    45
 Stab: Invisible         |       |       |     4 |       |       |       |       |       ||     4
       Sleeping          |       |       |       |       |     2 |       |     3 |       ||     5
       Confused          |       |       |       |       |     1 |       |       |       ||     1
       Distracted        |       |       |       |       |       |     1 |     4 |    12 ||    17
       Fleeing           |       |       |       |       |       |     3 |       |       ||     3

Vault maps used:
D:1:      minmay_entry_up_and_down
D:2:      nicolae_overflow_hidden_temple
D:3:      lemuel_zombie_altar_yredelemnul, mrwooster_statue_mirror,
          uniq_crazy_yiuf_cottage
D:4:      first_bread, uniq_duvessa, uniq_blork_the_orc, uniq_eustachio
D:5:      black_bear_nest_2, chei_snail_safe_becter
D:6:      xom_obstacle_run
D:7:      minmay_temple_entry_oklob, uniq_edmund
D:8:      enter_bailey_1
D:9:      amethyst_overflow_temple_binary, lair_0_dummy
D:10:     hiddenorc1_lemuel, grunt_ogre_cave, uniq_sonja, uniq_harold,
          uniq_nergalle
D:12:     lemuel_freeze_loot_1, uniq_maurice
D:13:     minivault_19, basic_altar, serial_teleporters_loop2B_master,
          serial_teleporters_loop2B_1, serial_teleporters_loop2B_2, uniq_erica,
          uniq_grum
D:14:     grunt_runelock_magical_seal, fountainhead, ashenzari_altar_1
D:15:     vaults_0_dummy, serial_shops, shop, minmay_stone_trees_small,
          grunt_decor_fettered, uniq_louise
D:16:     uniq_maud
D:17:     minmay_nine_rooms, fedhas_altar_4
D:18:     hangedman_decor_opposing
D:19:     minmay_misc_feat_x, uniq_wiglaf
D:20:     serial_sigils_hangedman_gut, minmay_misc_feat_five
D:21:     abyss_entry_glasseish, rand_demon_pan_entry_4,
          corexii_leaking_fountain, hell_entry, hangedman_elemental_death_ray
D:22:     abyss_entry, hell_entry, minmay_misc_feat_plants, wad_hexagon
D:23:     orc_temple, minivault_27, hell_entry, nrook_mini_vaults,
          minmay_gold_behind_plants
D:24:     minmay_connected_triangles_in_corner, rand_demon_pan_entry_3,
          serial_sigils, serial_sigils_hangedman_writhe,
          serial_sigils_hangedman_quiver, serial_sigils_hangedman_scar,
          serial_sigils_hangedman_leer, serial_sigils_hangedman_clutch,
          serial_sigils_hangedman_snap, hell_entry
D:25:     golem_gauntlet_mu, minmay_room_of_horrors, hell_entry,
          columned_hall_lemuel, tgw_lugonu_bribe
D:26:     evilmike_marble_ring, small_statue_intersection, hell_entry,
          uniq_frederick
D:27:     grunt_zot_entry_gee_three, minmay_parallelograms, basic_altar,
          abyss_entry, serial_shops, freezing_bzr, enter_trove_6,
          grunt_hell_horde, hangedman_abyss_or_decor_passed
Temple:   minmay_temple_curvy_8
Orc:3:    serial_shops, shop, shop, basic_altar, uniq_erolcha, uniq_urug
Orc:4:    grunt_orc_tribal_feast
Lair:3:   st_stairs_8
Lair:5:   forest_paths, boulder_quad_collide
Lair:6:   swamp_mist_pool, nicolae_spider_entry_orb_guardian, lookout_lair_type,
          st_stairs_5, baited_tele_trap
Lair:8:   evil_forest, minmay_slime_entry_oklob_enclosed
Swamp:1:  swamp_pool2
Swamp:2:  uniq_donald
Swamp:3:  swamp_pool1, uniq_saint_roka
Swamp:4:  uniq_nikola
Swamp:5:  swamp_alternative, swamp_pool1, nicolae_swamp_round_clearing
Spider:1: uniq_nessos, uniq_agnes, uniq_roxanne
Spider:2: hive_lemuel, uniq_norris, uniq_snorg, uniq_frances
Spider:3: uniq_rupert
Spider:4: Guppyfry_Spider_Mini_2, uniq_azrael, uniq_arachne, uniq_aizul
Spider:5: guppyfry_spider_rune
Vaults:1: v_pattern_3, v_misc_9, v_misc_23, ontoclasm_vaults_ligature,
          nicolae_vaults_little_squares_2, nicolae_vaults_big_angled_halls,
          vaults_room_corners, grunt_vaults_focal, vaults_room_large_hall,
          vaults_standard_mumra_enter_the_diamond, ontoclasm_vaults_twist
Vaults:2: hangedman_vaults_trim, ontoclasm_vaults_gallery, v_misc_11,
          vaults_room_boxed, vaults_dpeg_ring, v_misc_2, nicolae_vaults_arrows,
          hangedman_vaults_pinch, nicolae_vaults_little_ls, vaults_dpeg_spiral,
          ontoclasm_vaults_idyll, grunt_vaults_hallway_short, uniq_jorgrun
Vaults:3: v_alt_pattern_6, vaults_room_pools, v_misc_24, v_misc_10,
          hangedman_vaults_corner, vaults_room_fours, blue_anna_dwarven_crypt,
          v_misc_31, nicolae_vaults_border_crossing, serial_shops, shop
Vaults:4: v_misc_26, hangedman_vaults_capsules, nicolae_vaults_angled_halls,
          nicolae_vaults_blade_armed_guards, v_rooms_6,
          ontoclasm_vaults_decontamination, ontoclasm_vaults_loading_screen,
          nicolae_vaults_little_squares_3, v_alt_pattern_4,
          nicolae_vaults_three_branches, uniq_xtahua, uniq_jory
Vaults:5: serial_shops, uniq_boris
Bazaar:   bazaar_long_row
Bailey:   bailey_axe_4, bailey

Notes
Turn   | Place    | Note
--------------------------------------------------------------
     0 | D:1      | MackTheKnife, the Human Fighter, began the quest for the Orb.
     0 | D:1      | Reached XP level 1. HP: 18/18 MP: 0/0
   196 | D:1      | Reached XP level 2. HP: 22/24 MP: 1/1
   463 | D:1      | Reached skill level 3 in Maces & Flails
   763 | D:2      | Reached XP level 3. HP: 30/30 MP: 2/2
  1200 | D:2      | Identified a +2 pair of boots of running (You found it on level 2 of the Dungeon)
  1344 | D:3      | Reached skill level 4 in Maces & Flails
  1344 | D:3      | Reached XP level 4. HP: 28/36 MP: 3/3
  2231 | D:2      | Reached XP level 5. HP: 14/41 MP: 4/4
  2509 | D:3      | Reached skill level 5 in Maces & Flails
  2648 | D:3      | Noticed Crazy Yiuf
  2657 | D:3      | Killed Crazy Yiuf
  2764 | D:4      | Reached XP level 6. HP: 43/48 MP: 5/5
  2824 | D:4      | Reached skill level 6 in Maces & Flails
  3046 | D:4      | Noticed Blork the orc
  3055 | D:4      | Reached XP level 7. HP: 48/53 MP: 6/6
  3063 | D:4      | Killed Blork the orc
  3063 | D:4      | Reached skill level 7 in Maces & Flails
  3233 | D:4      | Noticed Duvessa
  3234 | D:4      | Noticed Dowan
  3257 | D:4      | Killed Duvessa
  3288 | D:4      | Noticed Eustachio
  3302 | D:4      | Killed Eustachio
  3302 | D:4      | Reached skill level 8 in Maces & Flails
  3316 | D:4      | Got an ancient war axe
  3317 | D:4      | Identified the +7,+7 war axe "Luaje" {speed, rElec rN+ MR++} (You found it on level 4 of the Dungeon)
  3410 | D:5      | Entered Level 5 of the Dungeon
  3417 | D:5      | Reached skill level 1 in Axes
  3436 | D:5      | Reached skill level 3 in Axes
  3436 | D:5      | Reached XP level 8. HP: 47/60 MP: 7/7
  3530 | D:5      | Reached skill level 4 in Axes
  3661 | D:5      | Reached skill level 5 in Axes
  3864 | D:5      | Reached skill level 6 in Axes
  4164 | D:5      | Reached skill level 7 in Axes
  4261 | D:5      | Reached skill level 8 in Axes
  4268 | D:5      | Found a snail-covered altar of Cheibriados.
  4676 | D:6      | Reached XP level 9. HP: 61/65 MP: 8/8
  4684 | D:6      | Reached skill level 9 in Axes
  5075 | D:6      | Found a shimmering altar of Xom.
  5101 | D:6      | Reached skill level 10 in Axes
  5188 | D:6      | Reached skill level 1 in Dodging
  5238 | D:6      | Reached skill level 2 in Dodging
  5239 | D:6      | Reached skill level 4 in Fighting
  5631 | D:7      | Found a staircase to the Ecumenical Temple.
  5687 | D:7      | Reached skill level 3 in Dodging
  5821 | Temple   | Entered the Ecumenical Temple
  5916 | Temple   | Became a worshipper of Warmaster Okawaru
  6376 | D:7      | Noticed Edmund
  6383 | D:7      | Killed Edmund
  6383 | D:7      | Reached skill level 5 in Fighting
  6532 | D:7      | Reached skill level 4 in Dodging
  6706 | D:8      | Found a flagged portal.
  6717 | Bailey   | Entered a bailey
  6723 | Bailey   | Noticed an orc knight
  6749 | Bailey   | Reached XP level 10. HP: 67/74 MP: 9/9
  6829 | Bailey   | Reached skill level 6 in Fighting
  7120 | Bailey   | Killed an orc knight
  7120 | Bailey   | Acquired Okawaru's first power
  7120 | Bailey   | Reached skill level 5 in Dodging
  7433 | Bailey   | Got a shimmering ivory ring
  7436 | Bailey   | Got a brightly glowing leather armour
  7445 | Bailey   | Identified the cursed +0 leather armour "Qiewun" {+Inv Str+4} (You took it off a kobold in a bailey)
  7516 | Bailey   | Reached skill level 7 in Fighting
  7516 | Bailey   | Reached skill level 6 in Dodging
  7706 | D:8      | Paralysed by a giant eyeball for 4 turns
  7718 | D:8      | Paralysed by a giant eyeball for 3 turns
  8286 | D:9      | Identified the ring of Pantheism {-Tele Dex+2 Int+4} (You took it off a kobold in a bailey)
  8418 | D:9      | Found a staircase to the Lair.
  8478 | D:9      | Reached skill level 8 in Fighting
  8478 | D:9      | Reached skill level 7 in Dodging
  8631 | D:9      | Found a glowing silver altar of Zin.
  8638 | D:9      | Found a bloodstained altar of Trog.
  9043 | D:10     | Entered Level 10 of the Dungeon
  9049 | D:10     | Reached XP level 11. HP: 77/84 MP: 10/10
  9213 | D:10     | Noticed Harold
  9234 | D:10     | Killed Harold
  9234 | D:10     | Reached skill level 9 in Fighting
  9234 | D:10     | Reached skill level 8 in Dodging
  9464 | D:10     | Noticed Sonja
  9479 | D:10     | Killed Sonja
  9826 | D:10     | Found a staircase to the Orcish Mines.
  9928 | D:10     | Noticed Nergalle
  9955 | D:10     | Killed Nergalle
  9955 | D:10     | Reached skill level 9 in Dodging
 10246 | D:8      | Got a dazzling hand axe
 10247 | D:8      | Identified the +10,+7 hand axe of Welfare {drain, rF- rC+ rN+ SInv} (You found it on level 8 of the Dungeon)
 10317 | Lair:1   | Entered Level 1 of the Lair of Beasts
 10537 | Lair:1   | Noticed a four-headed hydra
 10827 | Lair:1   | Reached skill level 10 in Fighting
 11524 | Lair:2   | Acquired Okawaru's second power
 12022 | Lair:3   | Reached skill level 4 in Armour
 12205 | Lair:3   | Reached skill level 10 in Dodging
 12205 | Lair:3   | Reached XP level 12. HP: 81/94 MP: 11/11
 12272 | Lair:3   | Reached skill level 5 in Armour
 13143 | Lair:4   | Reached skill level 1 in Invocations
 13239 | Lair:4   | Reached skill level 2 in Invocations
 13771 | Lair:5   | Reached skill level 3 in Invocations
 13782 | Lair:5   | Reached skill level 6 in Armour
 13835 | Lair:5   | Received a gift from Okawaru
 13839 | Lair:5   | Got a smelly leather armour {god gift}
 13929 | Lair:5   | Reached skill level 4 in Invocations
 14031 | Lair:5   | Identified the +1 leather armour of the Republic {rC++} (Okawaru gifted it to you on level 5 of the Lair of Beasts)
 14291 | Lair:5   | Reached skill level 7 in Armour
 14292 | Lair:5   | Reached skill level 5 in Invocations
 15413 | Lair:5   | Reached skill level 6 in Invocations
 15495 | Lair:5   | Reached skill level 8 in Armour
 15678 | Lair:5   | Reached skill level 7 in Invocations
 15684 | Lair:5   | Reached XP level 13. HP: 63/100 MP: 21/23
 15866 | Lair:5   | Identified a +0 rod of inaccuracy (13/13) (You found it on level 5 of the Lair of Beasts)
 16442 | Lair:6   | Reached skill level 9 in Armour
 16448 | Lair:6   | Reached skill level 8 in Invocations
 16477 | Lair:6   | Found a hole to the Spider Nest.
 16572 | Lair:6   | Received a gift from Okawaru
 16838 | Lair:6   | Found a staircase to the Swamp.
 17194 | Lair:7   | Reached skill level 9 in Invocations
 17583 | Lair:7   | Reached skill level 10 in Armour
 17907 | Lair:8   | Entered Level 8 of the Lair of Beasts
 18095 | Lair:8   | Got a pitted ring mail
 18123 | Lair:8   | Identified the +0 ring mail of Rotation {rC+ Acc-4} (You found it on level 8 of the Lair of Beasts)
 18909 | Lair:8   | Reached skill level 11 in Fighting
 19100 | Lair:8   | Noticed a dire elephant
 19139 | Lair:8   | Killed a dire elephant
 19159 | Lair:8   | Reached skill level 11 in Axes
 19329 | Lair:8   | Noticed a dire elephant
 19355 | Lair:8   | Killed a dire elephant
 19456 | Lair:8   | Found a burning altar of Makhleb.
 19469 | Lair:8   | Reached XP level 14. HP: 106/109 MP: 26/26
 20316 | Lair:8   | Found a gateway to Hell.
 20884 | Lair:1   | Killed a four-headed hydra
 21036 | D:10     | Reached skill level 1 in Evocations
 21045 | Orc:1    | Entered Level 1 of the Orcish Mines
 21057 | Orc:1    | Reached skill level 12 in Fighting
 22214 | Orc:3    | Reached skill level 2 in Evocations
 22348 | Orc:3    | Noticed Erolcha
 22351 | Orc:3    | Reached skill level 12 in Axes
 22384 | Orc:3    | Killed Erolcha
 22396 | Orc:3    | Found Weary's Magic Scroll Shoppe.
 22407 | Orc:3    | Bought 2 scrolls of identify for 56 gold pieces
 22698 | Orc:3    | Noticed Urug
 22716 | Orc:3    | Killed Urug
 22952 | Orc:3    | Found Uqupojae's Book Shoppe.
 22983 | Orc:3    | Found a shimmering altar of Xom.
 23289 | Orc:4    | Entered Level 4 of the Orcish Mines
 23289 | Orc:4    | Found a staircase to the Elven Halls.
 23385 | Orc:4    | Reached skill level 3 in Evocations
 24691 | Orc:4    | Reached skill level 4 in Evocations
 25133 | Orc:4    | Found Okiedghaor's Magical Wand Shop.
 25136 | Orc:4    | Found Daticask's Distillery.
 25137 | Orc:4    | Found Teacub's Armour Shop.
 25138 | Orc:4    | Found Crawuiv's Magic Scroll Shoppe.
 25151 | Orc:4    | Bought a potion of heal wounds for 36 gold pieces
 25151 | Orc:4    | Bought 2 potions of heal wounds for 72 gold pieces
 25160 | Orc:4    | Bought a scroll of recharging for 71 gold pieces
 25160 | Orc:4    | Bought a scroll of blinking for 71 gold pieces
 25160 | Orc:4    | Bought a scroll of enchant armour for 71 gold pieces
 25160 | Orc:4    | Bought a scroll of identify for 26 gold pieces
 25160 | Orc:4    | Bought a scroll of blinking for 71 gold pieces
 25165 | Orc:4    | Bought a potion of speed for 66 gold pieces
 25165 | Orc:4    | Bought a potion of speed for 66 gold pieces
 25852 | D:11     | Received a gift from Okawaru
 26200 | D:12     | Reached skill level 4 in Shields
 26343 | D:12     | Reached skill level 5 in Shields
 26343 | D:12     | Reached XP level 15. HP: 64/118 MP: 27/27
 26925 | D:12     | Got a topaz-encrusted ring mail
 26930 | D:12     | Identified the +0 ring mail "Niack" {+Inv rPois rF+ Str+4 Dam-3} (You found it on level 12 of the Dungeon)
 26983 | D:12     | Reached skill level 6 in Shields
 26993 | D:12     | Noticed Maurice
 27010 | D:12     | Killed Maurice
 27311 | D:13     | Paralysed by a giant eyeball for 3 turns
 27467 | D:13     | Noticed 4tharraofdagon's ghost (experienced NaFE)
 27483 | D:13     | Killed 4tharraofdagon's ghost
 27526 | D:13     | Reached skill level 7 in Shields
 27606 | D:13     | Found a white marble altar of Elyvilon.
 27623 | D:13     | Noticed Erica
 27623 | D:13     | Noticed frobos' ghost (powerful OpCj)
 27673 | D:13     | Killed frobos' ghost
 27959 | D:13     | Reached skill level 8 in Shields
 28074 | D:13     | Noticed Grum
 28101 | D:13     | Killed Grum
 28109 | D:13     | Killed Erica
 28552 | D:14     | Reached skill level 9 in Shields
 28935 | D:14     | Found a shattered altar of Ashenzari.
 28953 | D:14     | Reached skill level 10 in Shields
 29559 | Swamp:1  | Entered Level 1 of the Swamp
 29577 | Swamp:1  | Reached skill level 13 in Fighting
 30780 | Spider:1 | Entered Level 1 of the Spider Nest
 30886 | Spider:1 | Noticed Agnes
 30903 | Spider:1 | Killed Agnes
 31141 | Spider:1 | Noticed Roxanne
 31234 | Spider:1 | Noticed Nessos
 31264 | Spider:1 | Killed Nessos
 31264 | Spider:1 | Reached skill level 14 in Fighting
 31373 | Spider:1 | Reached XP level 16. HP: 118/129 MP: 28/28
 31665 | Spider:2 | Noticed Frances
 31751 | Spider:1 | Killed Frances
 31751 | Spider:1 | Received a gift from Okawaru
 31758 | Spider:2 | Noticed Snorg
 31772 | Spider:2 | Killed Snorg
 32330 | Spider:2 | Noticed Norris
 32386 | Spider:2 | Killed Norris
 32386 | Spider:2 | Reached skill level 15 in Fighting
 32851 | Spider:3 | Noticed Rupert
 32875 | Spider:3 | Killed Rupert
 33156 | Spider:3 | Reached skill level 16 in Fighting
 33409 | Spider:4 | Noticed Arachne
 33409 | Spider:4 | Noticed Aizul
 33542 | Spider:4 | Noticed Azrael
 33546 | Spider:5 | Entered Level 5 of the Spider Nest
 33788 | Spider:5 | Received a gift from Okawaru
 35225 | Spider:5 | Reached skill level 17 in Fighting
 35235 | Spider:5 | Reached XP level 17. HP: 118/142 MP: 29/29
 35918 | Spider:5 | Received a gift from Okawaru
 36006 | Spider:5 | Got an encrusted scale mail {god gift}
 36058 | Spider:5 | Identified the -1 scale mail "Ysiang" {Str-1} (Okawaru gifted it to you on level 5 of the Spider Nest)
 36351 | Spider:5 | Got a gossamer rune of Zot
 36547 | Spider:5 | Reached skill level 18 in Fighting
 37545 | D:15     | Entered Level 15 of the Dungeon
 38499 | D:15     | Noticed Louise
 38546 | D:15     | Killed Louise
 38627 | D:15     | Found a staircase to the Vaults.
 38650 | D:15     | Found Skad's Gadget Shop.
 38723 | D:15     | Reached skill level 11 in Armour
 39093 | D:15     | Reached skill level 11 in Dodging
 39712 | D:16     | Noticed Maud
 39735 | D:16     | Killed Maud
 40494 | D:17     | Received a gift from Okawaru
 40494 | D:17     | Reached XP level 18. HP: 87/152 MP: 28/29
 40812 | D:17     | Found a blossoming altar of Fedhas.
 41337 | D:17     | Reached skill level 12 in Armour
 41373 | D:17     | Reached skill level 12 in Dodging
 41934 | D:17     | Got a fine copper ring
 41963 | D:17     | Identified the Volume of Ice and Companions (You found it on level 17 of the Dungeon)
 41966 | D:17     | Got a heavily runed plate armour
 41978 | D:17     | Identified the ring "Xytablu" {+Rage MR Str+3 Dex+2} (You took it off a mermaid on level 17 of the Dungeon)
 41978 | D:17     | Identified the +7 plate armour of Ceirchaph {Dex+3 Acc+3} (You found it on level 17 of the Dungeon)
 42539 | D:18     | Reached skill level 13 in Armour
 43404 | D:14     | Received a gift from Okawaru
 44096 | D:19     | Noticed Wiglaf
 44146 | D:19     | Killed Wiglaf
 44146 | D:19     | Reached skill level 13 in Dodging
 45026 | D:20     | Entered Level 20 of the Dungeon
 45170 | D:20     | Got a bloodstained dire flail
 45171 | D:20     | Identified the +4,+1 dire flail "Quz Shuw" {elec, +Blink Stlth++} (You found it on level 20 of the Dungeon)
 45691 | D:19     | You fall through a shaft!
 45691 | D:22     | Found a one-way gate to the infinite horrors of the Abyss.
 46242 | D:22     | Reached skill level 14 in Dodging
 46242 | D:22     | Reached XP level 19. HP: 159/159 MP: 30/30
 47741 | Swamp:2  | Reached skill level 15 in Dodging
 47968 | Swamp:2  | Noticed Donald
 47993 | Swamp:2  | Killed Donald
 47993 | Swamp:2  | Received a gift from Okawaru
 48934 | Swamp:3  | Noticed Saint Roka
 49000 | Swamp:3  | Killed Saint Roka
 49000 | Swamp:3  | Reached skill level 16 in Dodging
 49068 | Swamp:3  | Learned a level 3 spell: Spectral Weapon
 49072 | Swamp:3  | Learned a level 3 spell: Regeneration
 49328 | Swamp:3  | Reached skill level 1 in Hexes
 49502 | Swamp:4  | Reached skill level 1 in Charms
 49516 | Swamp:4  | Reached skill level 2 in Hexes
 49616 | Swamp:4  | Received a gift from Okawaru
 49689 | Swamp:4  | Got a bone flail
 49719 | Swamp:4  | Reached skill level 2 in Charms
 49811 | Swamp:4  | Noticed Nikola
 49841 | Swamp:4  | Killed Nikola
 49841 | Swamp:4  | Reached skill level 3 in Hexes
 49926 | Swamp:4  | Reached skill level 3 in Charms
 50136 | Swamp:5  | Entered Level 5 of the Swamp
 50447 | Swamp:4  | Reached skill level 4 in Hexes
 50693 | Swamp:5  | Reached skill level 4 in Charms
 50722 | Swamp:5  | Identified the +10,+1 flail "Human's Foe" {elec, +Inv rPois} (You found it on level 4 of the Swamp)
 50722 | Swamp:5  | Identified the +10,+1 flail "Human's Foe" {elec, +Inv rPois} (You found it on level 4 of the Swamp)
 51001 | Swamp:5  | Reached XP level 20. HP: 163/168 MP: 31/31
 51033 | Swamp:5  | Reached skill level 5 in Hexes
 51064 | Swamp:5  | Got a decaying rune of Zot
 51080 | Swamp:5  | Reached skill level 5 in Charms
 51814 | Vaults:1 | Entered Level 1 of the Vaults
 52335 | Vaults:1 | Reached skill level 6 in Hexes
 52335 | Vaults:1 | Reached skill level 6 in Charms
 53093 | Vaults:1 | Received a gift from Okawaru
 53365 | Vaults:1 | Reached skill level 7 in Charms
 53411 | Vaults:1 | Reached skill level 7 in Hexes
 53834 | Vaults:2 | Noticed Jorgrun
 54235 | Vaults:2 | Reached skill level 8 in Charms
 54454 | Vaults:2 | Reached skill level 8 in Hexes
 54629 | Vaults:2 | Received a gift from Okawaru
 54629 | Vaults:2 | Reached skill level 5 in Evocations
 54630 | Vaults:2 | Got a faintly glowing triple sword {god gift}
 54688 | Vaults:2 | Reached skill level 6 in Evocations
 55331 | Vaults:2 | Killed Jorgrun
 55331 | Vaults:2 | Reached skill level 7 in Evocations
 55439 | Vaults:3 | Reached skill level 8 in Evocations
 55577 | Vaults:3 | Received a gift from Okawaru
 55779 | Vaults:3 | Reached skill level 9 in Evocations
 55779 | Vaults:3 | Reached XP level 21. HP: 101/175 MP: 31/31
 55976 | Vaults:3 | Found a staircase to the Crypt.
 56489 | Vaults:3 | Reached skill level 10 in Evocations
 57008 | Vaults:4 | Reached skill level 13 in Axes
 57010 | Vaults:4 | Reached skill level 1 in Necromancy
 57153 | Vaults:4 | Reached skill level 2 in Necromancy
 57292 | Vaults:4 | Found a staircase to the Hall of Blades.
 57313 | Vaults:4 | Identified the +7,+6 triple sword "Hoarios" {venom, +Blink SInv} (Okawaru gifted it to you on level 2 of the Vaults)
 57387 | Vaults:4 | Reached skill level 3 in Necromancy
 57504 | Vaults:4 | Noticed Xtahua
 57530 | Vaults:4 | Killed Xtahua
 57570 | Vaults:4 | Noticed Jory
 57609 | Vaults:4 | Killed Jory
 57683 | Vaults:4 | Reached skill level 4 in Necromancy
 58145 | Vaults:4 | Received a gift from Okawaru
 58262 | Vaults:4 | Reached skill level 14 in Axes
 59023 | D:15     | Bought a lamp of fire for 1900 gold pieces
 60118 | D:21     | Found a one-way gate leading to the halls of Pandemonium.
 60121 | D:21     | Gained mutation: You are clumsy. (Dex -2) [a cacodemon]
 60850 | D:23     | Reached skill level 15 in Axes
 61139 | D:23     | Found a roughly hewn altar of Beogh.
 61365 | D:23     | Reached XP level 22. HP: 183/183 MP: 33/33
 61366 | D:23     | Reached skill level 11 in Evocations
 62155 | D:24     | Reached skill level 12 in Evocations
 62435 | D:24     | Received a gift from Okawaru
 62440 | D:24     | Got a shimmering demon blade {god gift}
 62929 | D:25     | Entered Level 25 of the Dungeon
 63399 | D:25     | Found a corrupted altar of Lugonu.
 63847 | D:25     | Reached skill level 19 in Fighting
 64513 | D:25     | Noticed Boris
 64596 | D:25     | Killed Boris
 64596 | D:25     | Received a gift from Okawaru
 64604 | D:25     | Got an ebony flail {god gift}
 64645 | D:25     | Identified the Disquisition on Bewitchment
 64729 | D:25     | Noticed an ancient lich
 64784 | D:25     | Killed an ancient lich
 65684 | D:26     | Reached skill level 20 in Fighting
 66255 | D:26     | Reached XP level 23. HP: 166/196 MP: 35/35
 67658 | D:17     | Fell from the grace of Okawaru
 67658 | D:17     | Became a worshipper of Fedhas Madash
 68632 | D:26     | Noticed Frederick
 68667 | D:26     | Killed Frederick
 69237 | D:27     | Entered Level 27 of the Dungeon
 69262 | D:27     | Reached skill level 21 in Fighting
 69332 | D:27     | Found a flickering gateway to a bazaar.
 69346 | Bazaar   | Entered a bazaar
 69386 | Bazaar   | Found Ydwieg's Antique Weapon Shoppe.
 69386 | Bazaar   | Found Wulaih's Antique Armour Emporium.
 69398 | Bazaar   | Bought a pair of glowing gloves for 34 gold pieces
 69416 | Bazaar   | Found Acarufo's Armour Shoppe.
 69445 | Bazaar   | Found Kuantaek's Antique Weapon Shoppe.
 69445 | Bazaar   | Found Khoqiomu's Assorted Antiques.
 69456 | Bazaar   | Bought a smoking cloak for 120 gold pieces
 69456 | Bazaar   | Bought a shiny horned helmet for 50 gold pieces
 69456 | Bazaar   | Bought a scroll labeled NORAQALULAM for 20 gold pieces
 69456 | Bazaar   | Bought a box of beasts for 1000 gold pieces
 69456 | Bazaar   | Bought a scroll of magic mapping for 70 gold pieces
 69456 | Bazaar   | Bought a potion of curing for 40 gold pieces
 69456 | Bazaar   | Bought an inconspicuous book for 300 gold pieces
 69460 | Bazaar   | Identified the +2,+0 flail of Execution {freeze, Int+2} (Okawaru gifted it to you on level 25 of the Dungeon)
 69460 | Bazaar   | Identified the +2,+0 flail of Execution {freeze, Int+2} (Okawaru gifted it to you on level 25 of the Dungeon)
 69471 | Bazaar   | Identified the +1 cloak of Yrcho {rF+ rC+ Int-2} (You bought it in a shop in a bazaar)
 69476 | Bazaar   | Identified the Papyrus of Congealing Conjuration (You bought it in a shop in a bazaar)
 70993 | Vaults:5 | Entered Level 5 of the Vaults
 71244 | Vaults:5 | Reached skill level 13 in Evocations
 71400 | Vaults:5 | Acquired Fedhas' first power
 71561 | Vaults:5 | HP: 19/199 [tengu reaver/war axe of freezing (2)]
 71567 | Vaults:5 | HP: 16/199 [stone giant/ large rock (20)]
 71568 | Vaults:5 | Hit by a large rock thrown by a stone giant

Vanquished Creatures
  An ancient lich (D:25)
  Saint Roka (Swamp:3)
  Boris (D:25)
  Norris (Spider:2)
  Jory (Vaults:4)
  Xtahua (Vaults:4)
  Frederick (D:26)
  A quicksilver dragon (D:26)
  A storm dragon (Vaults:2)
  A lich (D:25)
  2 shadow dragons
  Rupert (Spider:3)
  Agnes (Spider:1)
  A sphinx (D:26)
  Frances (Spider:1)
  9 tengu reavers
  3 ghost moths
  Donald (Swamp:2)
  A deep elf sorcerer (D:25)
  Wiglaf (D:19)
  4 frost giants
  Maud (D:16)
  3 fire giants
  3 vault wardens
  Louise (D:15)
  5 emperor scorpions (Spider:5)
  An orc warlord (D:23)
  A cacodemon (D:21)
  Jorgrun (Vaults:2)
  24 stone giants
  A draconian shifter (D:27)
  A grey draconian (D:27)
  The ghost of frobos the Conjurer, a powerful OpCj of Vehumet (D:13)
  A deep elf annihilator (Vaults:2)
  A black draconian (D:27)
  A purple draconian (D:27)
  A red draconian (D:27)
  An unborn (Vaults:3)
  2 dire elephants (Lair:8)
  5 ettins
  A satyr (shapeshifter) (D:14)
  5 large abominations
  A white draconian (D:27)
  Snorg (Spider:2)
  12 vault guards
  A minotaur (shapeshifter) (Vaults:5)
  23 yaktaur captains
  7 ironheart preservers
  6 great orbs of eyes
  7 ogre magi
  5 dragons
  An ice dragon (D:19)
  14 hydras
  A ravenous feature mimic (Vaults:2)
  Harold (D:10)
  An anaconda (shapeshifter) (D:17)
  An ice dragon (shapeshifter) (D:17)
  Nessos (Spider:1)
  Erica (D:13)
  6 alligators
  A deep dwarf death knight (Vaults:3)
  3 deep troll earth magi
  6 deep troll shamans
  A very ugly thing (Swamp:3)
  Urug (Orc:3)
  4 orc high priests
  2 sun demons
  23 centaur warriors
  3 iron golems (D:25)
  Nergalle (D:10)
  3 iron trolls
  A fire crab (Vaults:3)
  A catoblepas (D:16)
  A skeletal warrior (Vaults:2)
  2 deep elf knights (D:21)
  A storm dragon zombie (Vaults:1)
  2 shadow wraiths
  A storm dragon skeleton (Vaults:4)
  14 deep trolls
  An ice devil (D:25)
  5 unseen horrors
  8 swamp dragons
  16 hill giants
  Erolcha (Orc:3)
  4 flayed ghosts
  A swamp dragon (shapeshifter) (D:17)
  A deep elf conjurer (D:21)
  A hill giant (shapeshifter) (D:18)
  4 wizards
  4 crystal golems (D:25)
  23 orc knights
  A lindwurm (Lair:5)
  8 giant amoebae
  7 harpies
  3 frost giant zombies
  5 ironbrand convokers
  A wolf spider zombie (D:15)
  11 red wasps
  14 cyclopes
  12 griffons
  33 wolf spiders
  A sixfirhy (Orc:4)
  2 stone giant zombies
  A fire giant zombie (D:16)
  8 orc sorcerers
  A red wasp (shapeshifter) (D:19)
  6 spiny worms
  5 phantasmal warriors
  3 moths of wrath (Spider:5)
  4 stone golems (D:25)
  Maurice (D:12)
  4 black mambas
  4 fire giant skeletons
  12 stone giant skeletons
  19 spiny frogs
  8 vault sentinels
  A smoke demon (Lair:8)
  A spiny frog (shapeshifter) (D:22)
  3 frost giant skeletons
  12 elephants
  5 fire drakes
  11 orb spiders
  7 demonic crawlers
  2 orange demons
  An iron troll zombie (D:22)
  4 deep elf priests
  A feature mimic (Swamp:3)
  An iron devil (D:24)
  6 komodo dragons
  36 yaktaurs
  A mermaid (shapeshifter) (D:17)
  3 red devils
  A hydra zombie (D:13)
  2 iron troll skeletons
  4 baby alligators
  4 hellwings
  2 jumping spiders (shapeshifter)
  14 jumping spiders
  9 trolls
  A hydra skeleton (D:16)
  11 bog bodies
  9 giant leeches
  2 formicid drones
  6 blink frogs
  8 boulder beetles
  11 two-headed ogres
  A brown ooze (shapeshifter) (D:19)
  An ice dragon zombie (D:19)
  An air elemental (Vaults:3)
  A shadow (D:17)
  5 stone giant simulacra
  2 octopodes (shapeshifter)
  67 slime creatures
  25 redbacks
  11 trapdoor spiders
  2 vampires
  4 basilisks
  A griffon skeleton (D:15)
  84 ugly things
  A redback (shapeshifter) (D:17)
  A hippogriff (shapeshifter) (D:21)
  Sonja (D:10)
  17 tarantellas
  An ettin skeleton (Vaults:1)
  A hungry ghost (D:16)
  4 toenail golems (D:25)
  63 yaks
  10 chaos spawn
  8 wraiths
  Eustachio (D:4)
  6 deep elf magi
  A neqoxec (D:21)
  3 wyverns
  6 clay golems (D:25)
  4 water elementals
  A yak (shapeshifter) (D:15)
  Grum (D:13)
  A spiny worm zombie (D:21)
  7 hippogriffs
  3 fire elementals (D:21)
  5 rock worms
  A golden eye (shapeshifter) (D:18)
  35 vampire mosquitoes
  6 deep elf fighters
  A harpy simulacrum (D:17)
  Edmund (D:7)
  4 mottled dragons
  2 manticores
  A hell hound (Spider:3)
  58 swamp worms
  4 wolves (D:13)
  A soldier ant (D:15)
  2 necrophages
  10 giant goldfish
  A human skeleton (Lair:8)
  A porcupine (shapeshifter) (Vaults:3)
  9 porcupines
  An ettin simulacrum (D:21)
  9 freezing wraiths
  A black bear (D:5)
  4 deep dwarves (D:21)
  56 orc warriors
  13 swamp drakes
  5 sky beasts
  5 ice beasts
  3 yellow wasps
  34 ogres
  2 phantoms
  7 wargs
  3 boring beetles
  4 rotting devils
  2 brain worms
  16 crocodiles
  Duvessa (D:4)
  5 formicids
  48 centaurs
  A yaktaur zombie (D:16)
  3 big kobolds
  14 giant slugs
  A glowing shapeshifter simulacrum (D:19)
  Blork the orc (D:4)
  2 yaktaur skeletons (D:20)
  11 agate snails
  23 insubstantial wisps
  18 water moccasins
  18 giant frogs
  An agate snail simulacrum (D:17)
  14 killer bees
  A cyclops skeleton (D:16)
  An oklob sapling (D:7)
  A rock worm zombie (D:18)
  8 wights
  13 jellyfish
  A troll zombie (D:12)
  A yak zombie (D:12)
  A lava snake (Lair:7)
  A hippogriff skeleton (D:10)
  A quasit (D:6)
  2 electric eels (Spider:3)
  10 crimson imps
  31 orc priests
  A pulsating lump (shapeshifter) (D:25)
  3 goliath beetles
  11 hounds
  18 spiders
  3 big fish (Swamp:2)
  A centaur zombie (D:10)
  4 jellies
  Crazy Yiuf (D:3)
  2 giant frog skeletons
  A two-headed ogre skeleton (D:9)
  6 iguanas
  7 scorpions
  12 worker ants
  37 orc wizards
  A killer bee zombie (D:9)
  17 sheep
  5 boggarts
  An ogre skeleton (D:6)
  A mottled dragon skeleton (D:14)
  A hound zombie (D:7)
  A mummy (D:10)
  4 gnolls
  23 adders
  44 green rats
  A worm zombie (D:5)
  6 giant centipedes
  A giant mite (D:5)
  4 worms
  A giant centipede zombie (D:15)
  2 giant eyeballs
  4 giant geckos
  An ooze (D:5)
  222 orcs
  16 bats
  5 giant cockroaches
  21 goblins
  17 hobgoblins
  33 jackals
  10 quokkas
  2 ball pythons
  A ball python skeleton (D:4)
  A bat (shapeshifter) (D:25)
  9 giant newts
  A hobgoblin zombie (D:8)
  35 kobolds
  25 rats
  A rat skeleton (D:4)
  2 crawling corpses (Vaults:2)
  6 fungi
  10 plants
2207 creatures vanquished.

Vanquished Creatures (collateral kills)
  2 hydras
  A deep troll (D:26)
  A spiny frog (Lair:8)
  A hellwing (Lair:8)
  A boulder beetle (Lair:5)
  A swamp drake (Swamp:4)
  An orc warrior (D:23)
  An orc (D:9)
9 creatures vanquished.

Vanquished Creatures (others)
  Nikola (Swamp:4)
  28 spectral weapons
  A deep troll shaman (D:27)
  A centaur warrior (D:19)
  The ghost of 4tharraofdagon the Arsonist, an experienced NaFE of Sif Muna (D:13)
  An iron golem (D:25)
  A deep elf summoner (D:21)
  2 spiny frogs (Lair:8)
  3 orb spiders
  2 jumping spiders
  3 fire elementals (D:26)
  A redback (D:26)
  An octopode (D:27)
  4 trapdoor spiders (D:26)
  6 yaks (Lair:8)
  A hippogriff (Lair:8)
  20 water elementals
  A giant goldfish (D:12)
  2 centaurs
  A water moccasin (Lair:8)
  A giant slug (Lair:8)
  4 electric eels (D:12)
  A giant frog (D:9)
  A crimson imp (D:12)
  7 spiders
  A quokka (D:12)
  A kobold (D:14)
  14 fungi
  8 plants
  28 toadstools
147 creatures vanquished.

Grand Total: 2363 creatures vanquished
